 Dungeon Sprint DCSS version 0.23.0-3-gf3c87f2 (webtiles) character file.

Game seed: 16413830506373532013

2829 nuthulu the Protected (level 9, -2/93 HPs)
             Began as a Minotaur Fighter on Feb 23, 2019.
             Was an Elder of Qazlal.
             Slain by an eight-headed hydra (13 damage)
             ... in the Dungeon (Sprint IX: "|||||||||||||||||||||||||||||").
             The game lasted 00:04:08 (827 turns).

nuthulu the Protected (Minotaur Fighter)             Turns: 827, Time: 00:04:09

Health: -2/93      AC:  9    Str: 26    XL:     9   Next: 45%
Magic:  9/11       EV: 10    Int: 11    God:    Qazlal [****..]
Gold:   7          SH:  5    Dex: 11    Spells: 8/8 levels left

rFire    . . .     SeeInvis .   m - +7 glaive "Haneol" {drain, Int+3 Stlth+}
rCold    . . .     Gourm    .   (shield currently unavailable)
rNeg     . . .     Faith    .   b - +0 scale mail
rPois    .         Spirit   .   (helmet restricted)
rElec    .         Reflect  .   (no cloak)
rCorr    .         Harm     .   (no gloves)
MR       .....     NoTele   +   (no boots)
Stlth    +.........             (no amulet)
HPRegen  0.25/turn              r - +3 ring of intelligence
MPRegen  0.12/turn              s - +3 ring of strength

@: repel missiles
A: retaliatory headbutt, horns 2
a: Upheaval, Elemental Force, Renounce Religion


You were in the Dungeon.
You worshipped Qazlal.
Qazlal was greatly pleased with you.
You were not hungry.

You visited 1 branch You collected 7 gold pieces.

Inventory:

Hand Weapons
 a - a +0 trident
 m - the +7 glaive "Haneol" (weapon) {drain, Int+3 Stlth+}
   (You acquired it in the Dungeon)

   A truly terrible weapon, it drains the life of those it strikes.
   It affects your intelligence (+3).
   It makes you more stealthy.
Armour
 b - a +0 scale mail (worn)
 c - a +0 shield
Magical Staves
 q - an uncursed staff of energy
Jewellery
 r - a +3 ring of intelligence (left hand)
 s - a +3 ring of strength (right hand)
Wands
 p - a wand of iceblast (10)
Scrolls
 k - 2 scrolls of blinking
 n - 4 scrolls of remove curse
 o - 2 scrolls of amnesia
 t - 2 scrolls of identify
 u - a scroll of fear
 v - 2 scrolls of enchant weapon
Potions
 d - a potion of might
 e - 7 potions of curing
 g - 3 potions of heal wounds
 h - 2 potions of haste
 i - 4 potions of magic
 j - a potion of berserk rage
 l - a potion of brilliance
Comestibles
 f - a ration


   Skills:
 + Level 13.0 Fighting
 + Level 12.7 Polearms
 + Level 13.0 Armour
 + Level 12.9 Shields
 + Level 5.0 Invocations


You had 8 spell levels left.
You didn't know any spells.
Your spell library was empty.

Dungeon Overview and Level Annotations

Branches:
Dungeon (1/1)

Altars:
Cheibriados
Dithmenos
Elyvilon
Fedhas
Gozag
Hepliaklqana
Kikubaaqudgha
Makhleb
Nemelex Xobeh
Okawaru
Qazlal
Ru
Sif Muna
Trog
Uskayaw
Vehumet
Wu Jian
Xom
Yredelemnul
Zin
The Shining One
Beogh
Jiyva
Lugonu


Innate Abilities, Weirdness & Mutations

You reflexively headbutt those who attack you in melee.
You have a pair of horns on your head.


Message History

The seven-headed hydra bites you but does no damage.
The seven-headed hydra bites you!
* * * LOW HITPOINT WARNING * * *
You block the seven-headed hydra's attack.
The seven-headed hydra barely misses you.
The seven-headed hydra bites you but does no damage.
The seven-headed hydra bites you!
* * * LOW HITPOINT WARNING * * *
Unknown command.
Unknown command.
There is an open door here.
Attack whom?
Press: ? - help, Dir - move target cursor, f - seven-headed hydra
Aim: a seven-headed hydra (lightly wounded, lightly drained)
You chop one of the seven-headed hydra's heads off!
The six-headed hydra grows two more!
You slash the eight-headed hydra!
Your headbutt misses the eight-headed hydra.
The eight-headed hydra is moderately wounded.
The eight-headed hydra bites you!
You die...

▓▓▓▓▓▓▓
▓...▓<▓
▓.▓.▓(▓
▓.▓.▓)▓
▓.▓.▓.▓
▓.▓.▓)▓
▓@▓.▓.▓
▓D▓.▓.▓
▓k▓.▓.▓
▓.▓.▓.▓
▓h▓.▓.▓
▓r▓.▓'▓
▓.▓.▓.▓
▓.▓.▓.▓
▓.▓.▓.▓


You could see an eight-headed hydra, a polar bear, a rime drake and a porcupine.

Vanquished Creatures
  A centaur warrior (D)
  A two-headed ogre (D)
  A cyclops (D)
  A rime drake (D)
  A komodo dragon (D)
  A sky beast (D)
  A necrophage (D)
  A centaur (D)
  4 bullfrogs (D)
  2 crimson imps (D)
  A hound (D)
  A jelly (D)
  2 iguanas (D)
  A worker ant (D)
  3 dart slugs (D)
  An orc (D)
  A goblin (D)
  A quokka (D)
  A frilled lizard (D)
  A kobold (D)
27 creatures vanquished.

Notes
Turn   | Place    | Note
-------+----------+-------------------------------------------
     0 | D        | nuthulu the Minotaur Fighter began the quest for the Orb.
     0 | D        | Reached XP level 1. HP: 19/19 MP: 0/0
    20 | D        | Reached XP level 2. HP: 28/28 MP: 1/1
    26 | D        | Noticed a crimson imp
    29 | D        | Killed a crimson imp
    29 | D        | Reached skill level 5 in Fighting
    29 | D        | Reached skill level 5 in Armour
    29 | D        | Reached skill level 5 in Shields
    29 | D        | Reached XP level 3. HP: 36/36 MP: 2/2
    33 | D        | Reached skill level 5 in Polearms
    33 | D        | Reached XP level 4. HP: 39/44 MP: 3/3
    77 | D        | Found a roughly hewn altar of Beogh.
    77 | D        | Found a snail-covered altar of Cheibriados.
    77 | D        | Found a shadowy altar of Dithmenos.
    77 | D        | Found a white marble altar of Elyvilon.
    77 | D        | Found a blossoming altar of Fedhas.
    77 | D        | Found an opulent altar of Gozag.
    78 | D        | Found a hazy altar of Hepliaklqana.
    79 | D        | Found a viscous altar of Jiyva.
    80 | D        | Found an ancient bone altar of Kikubaaqudgha.
    81 | D        | Found a corrupted altar of Lugonu.
    82 | D        | Found a burning altar of Makhleb.
    83 | D        | Found a sparkling altar of Nemelex Xobeh.
    84 | D        | Found an iron altar of Okawaru.
    85 | D        | Found a stormy altar of Qazlal.
    86 | D        | Found a sacrificial altar of Ru.
    87 | D        | Found a deep blue altar of Sif Muna.
    88 | D        | Found a bloodstained altar of Trog.
    89 | D        | Found a hide-covered altar of Uskayaw.
    90 | D        | Found a radiant altar of Vehumet.
    91 | D        | Found an ornate altar of the Wu Jian Council.
    92 | D        | Found a shimmering altar of Xom.
    93 | D        | Became a worshipper of Qazlal Stormbringer
    94 | D        | Found a basalt altar of Yredelemnul.
    95 | D        | Found a glowing silver altar of Zin.
    96 | D        | Found a glowing golden altar of the Shining One.
   125 | D        | Noticed a sky beast
   125 | D        | Noticed a centaur
   125 | D        | Noticed a two-headed ogre
   143 | D        | Reached XP level 5. HP: 47/52 MP: 4/4
   172 | D        | Killed a sky beast
   172 | D        | Reached * piety under Qazlal
   200 | D        | Killed a two-headed ogre
   200 | D        | Reached skill level 10 in Fighting
   200 | D        | Reached skill level 10 in Polearms
   200 | D        | Reached skill level 10 in Armour
   200 | D        | Reached skill level 10 in Shields
   200 | D        | Reached XP level 6. HP: 33/67 MP: 5/5
   200 | D        | Reached XP level 7. HP: 36/73 MP: 6/6
   208 | D        | Reached ** piety under Qazlal
   415 | D        | Noticed a cyclops
   415 | D        | Noticed a centaur warrior
   430 | D        | Killed a cyclops
   430 | D        | Reached XP level 8. HP: 53/82 MP: 7/7
   437 | D        | Reached *** piety under Qazlal
   443 | D        | Killed a centaur warrior
   443 | D        | Reached XP level 9. HP: 49/91 MP: 7/10
   784 | D        | Got a transparent glaive
   790 | D        | Identified the +7 glaive "Haneol" {drain, Int+3 Stlth+}
                  | (You acquired it in the Dungeon)
   795 | D        | Noticed a komodo dragon
   795 | D        | Noticed a rime drake
   795 | D        | Noticed a rime drake
   803 | D        | Noticed a six-headed hydra
   805 | D        | Killed a komodo dragon
   807 | D        | Reached **** piety under Qazlal
   807 | D        | Noticed a polar bear
   809 | D        | Killed a rime drake
   809 | D        | Reached skill level 5 in Invocations
   827 | D        | Slain by an eight-headed hydra

Skill      XL: |  1  2  3  4  5  6  7  8  9 |
---------------+----------------------------+-----
Fighting       | 4 5 6 7 10 11 12 13 | 13.0
Armour         | 4 5 6 7 10 11 12 13 | 13.0
Shields        | 4 5 6 7 10 11 12 | 12.9
Polearms       | 3 4 5 6 10 11 12 | 12.7
Invocations    | 3 5 |  5.0

Action                   |  1- 3 |  4- 6 |  7- 9 || total
-------------------------+-------+-------+-------++-------
Melee: Trident           |    23 |    31 |    32 ||    86
       Headbutt          |     4 |    12 |     8 ||    24
       Glaive            |       |       |    16 ||    16
Invok: Upheaval          |       |       |     1 ||     1
  Use: Potion            |       |     2 |     2 ||     4
       Scroll            |       |       |     1 ||     1
 Stab: Invisible         |       |     3 |       ||     3
Armor: Scale mail        |     9 |     5 |    10 ||    24
Dodge: Dodged            |     2 |     8 |    18 ||    28
Block: Shield            |     7 |    15 |    17 ||    39
       Other             |       |       |     4 ||     4
